cohdb
Replays
Latest Replays
All Replays
Popular Replays
Top Player Replays
Match Explorer
How It Works
Community
CoH3 Stats
Reddit
Sign in to upload your games and track your stats! →
Sign in with Steam
Match 45997258
Unlisted
Match 45997258
Overview
Messages
Build Orders
End
Selects Armored Battlegroup
Selects Assault Engineers
Construct Barracks
Assault Engineer Squad
Riflemen Squad
Riflemen Squad
Grenade Package
Infantry Support Center
Construct Weapon Support Center
Selects Fast Deploy
Riflemen Squad
M3 Armored Personnel Carrier
M1918 Browning Automatic Rifles
Construct Motor Pool
M1 Anti-tank Gun Team
Selects M8 Scott SPG
M8 Scott SPG
Survival Training
Riflemen Squad
Riflemen Squad
.30 cal Machine Gun
Advanced Logistics
Selects M4A3E8 Sherman Combat Group
M4A3E8 Sherman Combat Group
最后一战
RainbowDurr
T.R. Olvadi
Nico-Nico-Nii~~
0
0
Comments
sign in to comment!
No comments posted yet!